 Seeded DCSS version 0.31-a0-435-g2c6fae2916 (webtiles) character file.

Game seed: 6733148913236269867 (custom seed)

131 innerfire43 the Changeling (level 4, -1/35 HPs)
             Began as a Demonspawn Monk on Aug 1, 2023.
             Slain by a gnoll
             ... wielding a +0 spear
              (4 damage)
             ... on level 2 of the Dungeon.
             The game lasted 00:01:19 (800 turns).

innerfire43 the Changeling (Demonspawn Monk)         Turns: 800, Time: 00:01:20

Health: -1/35      AC:  3    Str: 13    XL:     4   Next: 91%
Magic:  4/4        EV: 13    Int: 12    God:
Gold:   53         SH:  0    Dex: 15    Spells: 3/3 levels left

rFire   . . .        a - +0 hand axe
rCold   + . .        d - orb {light}
rNeg    . . .        b - +0 robe
rPois   .            e - +0 helmet
rElec   .            (no cloak)
rCorr   .            (no gloves)
SInv    .            (no boots)
Will    .....        h - amulet of the Tempest {rC+ Regen+}
Stlth   +            (no ring)
HPRegen 1.05/turn    (no ring)
MPRegen 0.09/turn

%: no passive effects
@: glowing, studying Invocations
A: spiny 1
a: no special abilities


You were on level 2 of the Dungeon.
You visited 1 branch of the dungeon, and saw 2 of its levels.

You collected 53 gold pieces.

Inventory:

Hand Weapons
 a - a +0 hand axe (weapon)
Missiles
 j - 2 throwing nets
Armour
 b - a +0 robe (worn)
 d - an orb of light (worn)
 e - a +0 helmet (worn)
Jewellery
 h - the amulet of the Tempest (around neck) {rC+ Regen+}
   (You acquired it on level 1 of the Dungeon)

   [amulet of regeneration]

   rC:        It protects you from cold.
   Regen:     It increases your rate of health regeneration.
Talismans
 i - a beast talisman
Scrolls
 f - a scroll of teleportation {unknown}
Potions
 c - a potion of ambrosia
 g - a potion of might {unknown}


   Skills:
 - Level 3.0 Fighting
 - Level 3.0 Axes
 - Level 3.0 Dodging
 * Level 3.1 Shapeshifting


You had 3 spell levels left.
You didn't know any spells.
Your spell library was empty.

Dungeon Overview and Level Annotations

Branches:
Dungeon (2/15)

Altars:


Innate Abilities, Weirdness & Mutations

You are partially covered in sharp spines.


Message History

You feel yourself speed up.
j - a throwing net
Things that are here:
a +0 spear; a gnoll corpse You pick up a manual of Invocations and begin studying.
Key pressed, stopping explore.
No target in view!
No target in view!
Things that are here:
a +0 flail; a gnoll corpse You recover from your berserk rage.
j - 2 throwing nets (gained 1) 3 gnolls come into view.
A gnoll is wielding a +0 spear.
The gnoll shouts! x3
The gnoll moves out of view.
A gnoll comes into view. It is wielding a +0 flail.
The gnoll shouts!
There are monsters nearby!
The gnoll throws a throwing net.
The throwing net barely misses you.
The gnoll hits you from afar with a +0 spear!
You see here a throwing net.
There are monsters nearby!
The gnoll hits you with a +0 spear. The gnoll is struck by your spines.
The gnoll hits you with a +0 spear.
You hit the gnoll.
The gnoll is moderately wounded.
You hit the gnoll but do no damage. The gnoll is struck by your spines.
The gnoll barely misses you.
You hit the gnoll.
The gnoll is almost dead.
You barely miss the gnoll.
The gnoll hits you from afar with a +0 spear!
The gnoll is struck by your spines.
You kill the gnoll!
The gnoll hits you from afar with a +0 spear.
* * * LOW HITPOINT WARNING * * *
The gnoll hits you from afar with a +0 spear.
* * * LOW HITPOINT WARNING * * *
The gnoll hits you from afar with a +0 spear.
You die...

###### #....# #....#
#....# #..gg# #..).#
####..g@# .......(#
####....#####
#........#
###.#....######..
#.#............
#######.#....######.#
#.....#.#....#
#.....#.#....#


You could see 3 gnolls.

Vanquished Creatures
  9 gnolls (D:2)
  2 adders (D:2)
  A dart slug (D:1)
  3 ball pythons
  6 bats (D:1)
  4 endoplasms (D:1)
  A giant cockroach (D:1)
  5 hobgoblins (D:1)
  A kobold (D:2)
  A quokka (D:1)
  2 frilled lizards (D:1)
  3 goblins (D:1)
  2 rats (D:1)
40 creatures vanquished.

Notes
Turn   | Place    | Note
-------+----------+-------------------------------------------
     0 | D:1      | innerfire43 the Demonspawn Monk began the quest for the
                  | Orb.
     0 | D:1      | Reached XP level 1. HP: 18/18 MP: 1/1
   118 | D:1      | Gained mutation: You are partially covered in sharp spines.
                  | [demonic ancestry]
   118 | D:1      | Reached XP level 2. HP: 15/24 MP: 2/2
   169 | D:1      | Reached skill level 1 in Shapeshifting
   398 | D:1      | Reached XP level 3. HP: 20/29 MP: 3/3
   590 | D:1      | Identified a scroll of acquirement
   590 | D:1      | Acquired the amulet of the Tempest {rC+ Regen+}
   720 | D:2      | Reached XP level 4. HP: 35/35 MP: 4/4
   800 | D:2      | Slain by a gnoll

Illustrated notes

Levels and vault maps discovered:
D:1:      dpeg_arrival_prison, layout_rooms, chequers_arboretum
D:2:      layout_rooms, serial_shops, nicolae_shop_advertising_works
          [nicolae_subvault_shop_adworks], basic_altar

Skill      XL: |  1  2  3  4 |
---------------+-------------+-----
Shapeshifting  | 1 2 3 |  3.1
Axes           | 3 |  3.0
Dodging        | 3 |  3.0
Fighting       | |  3.0

Action                     |  1- 3 |  4- 6 || total
---------------------------+-------+-------++-------
  Melee: Hand axe          |    60 |    11 ||    71
    Use: Scroll            |     2 |       ||     2
         Potion            |     1 |       ||     1
 Armour: Robe              |    11 |       ||    11
  Dodge: Dodged            |    52 |    17 ||    69

Table legend: (Time is in decaauts)
 A = Elapsed time spent in this place.
 B = Non-inter-level travel time spent in this place.
 C = Inter-level travel time spent in this place.
 D = Time resting spent in this place.
 E = Time spent auto-exploring this place.
 F = Levels seen in this place.
 G = Mean time per level.
                   A        B        C        D        E       F      G
               +--------+--------+--------+--------+--------+-----+--------+
         Total |    824 |    806 |     18 |      0 |    579 |   2 |  412.0 |
       Dungeon |    824 |    806 |     18 |      0 |    579 |   2 |  412.0 |
               +--------+--------+--------+--------+--------+-----+--------+

Top non-repeatable levels by time:
     D:1: 625 daAuts
     D:2: 198 daAuts
